 Dungeon Crawl Stone Soup version 0.30-a0-570-g486de37d69 (webtiles) character file.

Game seed: 2401391832358305177

254 Bnni the Vexing (level 6, 0/45 HPs)
             Began as a Formicid Hexslinger on Dec 29, 2022.
             Killed from afar by Blork the orc (6 damage)
             ... with a puff of frost
             ... on level 4 of the Dungeon.
             The game lasted 00:06:35 (3292 turns).

Bnni the Vexing (Formicid Hexslinger)               Turns: 3292, Time: 00:06:36

Health: 0/45       AC:  2    Str: 14    XL:     6   Next: 38%
Magic:  8/9        EV: 12    Int: 15    God:
Gold:   204        SH:  0    Dex: 14    Spells: 1/9 levels left

rFire   . . .      SeeInvis +    a - +1 sling
rCold   . . .      Faith    .    (no shield)
rNeg    . . .      Spirit   .    c - +0 robe
rPois   .          Reflect  .    (helmet unavailable)
rElec   .          Harm     .    (no cloak)
rCorr   .          Rampage  .    (no gloves)
Will    .....                    (no boots)
Stlth   +                        (no amulet)
HPRegen 0.27/turn                (no ring)
MPRegen 0.11/turn                (no ring)

@: no status effects
A: permanent stasis, dig shafts and tunnels, antennae 3, four strong arms
a: Dig, Shaft Self


You were on level 4 of the Dungeon.
You visited 1 branch of the dungeon, and saw 4 of its levels.

You collected 204 gold pieces.

Inventory:

Hand Weapons
 a - a +1 sling (weapon)
Missiles
 r - 2 poisoned darts
Armour
 c - a +0 robe (worn)
Jewellery
 t - a ring of poison resistance
Wands
 q - a wand of polymorph (2)
Scrolls
 b - a scroll of poison
 d - 2 scrolls of blinking {unknown}
 e - a scroll of silence {unknown}
 h - a scroll of fog {unknown}
 i - a scroll of teleportation {unknown}
 j - 2 scrolls of vulnerability {unknown}
 k - a scroll of amnesia
 n - a scroll of torment
 p - a scroll of immolation
Potions
 f - a potion of curing
 g - a potion of might
 m - a potion of attraction {unknown}
 o - 2 potions of lignification {unknown}
 s - a potion of flight
 u - 2 potions of magic {unknown}
 v - a potion of brilliance {unknown}


   Skills:
 + Level 2.3 Fighting
 * Level 3.7 Ranged Weapons
 - Level 1.7 Dodging
 + Level 2.3 Spellcasting
 * Level 5.3 Hexes
 + Level 1.9 Fire Magic


You had one spell level left.
You knew the following spells:

 Your Spells              Type           Power      Damage    Failure   Level
a - Slow                  Hex            68%        N/A       2%          1
b - Inner Flame           Hex/Fire       12%        N/A       14%         3
c - Cause Fear            Hex            8%         N/A       24%         4

Your spell library contained the following spells:

 Spells                   Type           Power      Damage    Failure   Level
 Magic Dart               Conj           4%         1d3       22%         1
 Portal Projectile        Hex/Tloc       18%        N/A       22%         3
 Searing Ray              Conj           2%         2d4       32%         2
 Ozocubu's Armour         Ice            1%         N/A       54%         3
 Fulminant Prism          Conj/Hex       4%         3d5       56%         4
 Ozocubu's Refrigeration  Ice            0%         4d7       100%        7


Dungeon Overview and Level Annotations

Branches:
Dungeon (4/15)
 Temple: D:4-7

Altars:

Annotations:
D:4 Blork the orc


Innate Abilities, Weirdness & Mutations

You cannot be hasted, slowed, berserked, paralysed or teleported.
You can dig through walls and to a lower floor.
You have a pair of large antennae on your head. (SInv)
Your four strong arms can wield two-handed weapons with a shield.


Message History

Fire: a) +1 sling
Press: ? - help, Shift-Dir - straight line, f/p - Blork the orc
Aim: Blork the orc, wielding a +0 scimitar of flaming and wearing a +0 robe (heavily wounded, slow, 63% to hit)
You shoot a sling bullet.
The sling bullet barely misses Blork the orc.
Fire: a) +1 sling
Press: ? - help, Shift-Dir - straight line, f/p - Blork the orc
Aim: Blork the orc, wielding a +0 scimitar of flaming and wearing a +0 robe (heavily wounded, slow, 63% to hit)
You shoot a sling bullet.
The sling bullet closely misses Blork the orc.
Fire: a) +1 sling
Press: ? - help, Shift-Dir - straight line, f/p - Blork the orc
Aim: Blork the orc, wielding a +0 scimitar of flaming and wearing a +0 robe (heavily wounded, slow, 63% to hit)
You shoot a sling bullet.
The sling bullet barely misses Blork the orc.
Blork the orc barely misses you.
Fire: a) +1 sling
Press: ? - help, Shift-Dir - straight line, f/p - Blork the orc
Aim: Blork the orc, wielding a +0 scimitar of flaming and wearing a +0 robe (heavily wounded, slow, 63% to hit)
You shoot a sling bullet. The sling bullet hits Blork the orc.
Blork the orc is heavily wounded.
Blork the orc is no longer moving slowly.
Blork the orc casts a spell at you. The puff of flame hits you!
* * * LOW HITPOINT WARNING * * *
Fire: a) +1 sling
Press: ? - help, Shift-Dir - straight line, f/p - Blork the orc
Aim: Blork the orc, wielding a +0 scimitar of flaming and wearing a +0 robe (heavily wounded, 63% to hit)
You shoot a sling bullet. The sling bullet hits Blork the orc.
Blork the orc is severely wounded.
Blork the orc barely misses you.
Casting: Slow (safe; 2% risk of failure)
Confirm with . or Enter, or press ? or * to list all spells.
Aiming: Slow (safe; 2% risk of failure)
Press: ? - help, Shift-Dir - straight line, f/p - Blork the orc
Aim: Blork the orc, wielding a +0 scimitar of flaming and wearing a +0 robe (severely wounded, chance to affect: 50%) Blork the orc seems to slow down.
Blork the orc points at you and mumbles some strange words.
The puff of frost hits you.
You die...

#.##.## .....#
#..####
#.....###
#)###...#### #.
###<...# #.
####.# .. ..
#.# .. ... #@#
...
....###o######
...
.............#
.............#
.............#
...........(.#
.............##
..............#
..........?...#


You could see Blork the orc (slow).

Vanquished Creatures
  2 hounds
  Jessica (D:2)
  An orc wizard (D:4)
  Terence (D:2)
  Robin (D:1)
  A gnoll (D:1)
  3 adders
  A worm (D:3)
  A dart slug (D:1)
  2 orcs
  5 bats
  2 endoplasms
  3 giant cockroaches
  11 goblins
  12 hobgoblins
  6 kobolds
  3 quokkas
  5 ball pythons
  2 frilled lizards (D:2)
  3 rats
66 creatures vanquished.

Vanquished Creatures (others)
  2 plants (D:2)
2 creatures vanquished.

Grand Total: 68 creatures vanquished

Notes
Turn   | Place    | Note
-------+----------+-------------------------------------------
     0 | D:1      | Bnni the Formicid Hexslinger began the quest for the Orb.
     0 | D:1      | Reached XP level 1. HP: 15/15 MP: 2/2
    30 | D:1      | Reached XP level 2. HP: 21/21 MP: 3/3
   253 | D:1      | Reached skill level 4 in Hexes
   467 | D:1      | Reached XP level 3. HP: 26/26 MP: 3/5
   471 | D:1      | Learned a level 3 spell: Inner Flame
   679 | D:2      | Noticed Jessica
   683 | D:2      | Killed Jessica
   699 | D:2      | Reached skill level 1 in Fire Magic
   699 | D:2      | Reached XP level 4. HP: 26/33 MP: 6/6
   732 | D:2      | Noticed Robin
   832 | D:1      | Killed Robin
  1221 | D:2      | Reached XP level 5. HP: 32/38 MP: 5/7
  1402 | D:2      | Noticed Terence
  1470 | D:2      | Killed Terence
  2263 | D:3      | Reached skill level 5 in Hexes
  2621 | D:3      | Reached XP level 6. HP: 10/44 MP: 7/9
  3064 | D:4      | Learned a level 4 spell: Cause Fear
  3181 | D:4      | Noticed Blork the orc
  3292 | D:4      | Killed from afar by Blork the orc

Illustrated notes

Levels and vault maps discovered:
D:1:      matt_arrival_grand_opening, layout_basic, minmay_shallow_snake_nest
D:2:      layout_loops_ring, grunt_ministairs_14, guppyfry_early_lair_pool,
          uniq_terence, uniq_robin, uniq_jessica
D:3:      layout_loops_cross
D:4:      layout_rooms, uniq_blork_the_orc

Skill      XL: |  1  2  3  4  5 |
---------------+----------------+-----
Hexes          | 4 5 |  5.3
Fire Magic     | 1 |  1.9
Ranged Weapons | 3 |  3.7
Fighting       | 2 |  2.3
Spellcasting   | 2 |  2.3
Dodging        | |  1.7

Action                   |  1- 3 |  4- 6 || total
-------------------------+-------+-------++-------
 Fire: Sling             |    38 |   222 ||   260
Throw: Dart              |       |     4 ||     4
 Cast: Slow              |       |     8 ||     8
       Inner Flame       |       |     4 ||     4
  Use: Scroll            |       |     6 ||     6
       Potion            |       |     1 ||     1
Armor: Robe              |     6 |    22 ||    28
Dodge: Dodged            |    17 |   115 ||   132

Table legend: (Time is in decaauts)
 A = Elapsed time spent in this place.
 B = Non-inter-level travel time spent in this place.
 C = Inter-level travel time spent in this place.
 D = Time resting spent in this place.
 E = Time spent auto-exploring this place.
 F = Levels seen in this place.
 G = Mean time per level.
                   A        B        C        D        E       F      G
               +--------+--------+--------+--------+--------+-----+--------+
         Total |   3345 |   3255 |     90 |    677 |   1986 |   4 |  836.2 |
       Dungeon |   3345 |   3255 |     90 |    677 |   1986 |   4 |  836.2 |
               +--------+--------+--------+--------+--------+-----+--------+

Top non-repeatable levels by time:
     D:2: 1158 daAuts
     D:3: 1095 daAuts
     D:1: 839 daAuts
     D:4: 250 daAuts
